 Dungeon Crawl Stone Soup version 0.30.1-9-gdf580d7c3d (webtiles) character file.

Game seed: 15955863474365762848

81 Psyclone the Magician (level 4, -5/24 HPs)
             Began as a Deep Elf Fire Elementalist on Oct 1, 2023.
             Slain by a gnoll
             ... wielding a +0 halberd
              (9 damage)
             ... on level 3 of the Dungeon.
             The game lasted 00:05:36 (2598 turns).

Psyclone the Magician (Deep Elf Fire Elementalist)  Turns: 2598, Time: 00:05:37

Health: -5/24      AC:  3    Str:  5    XL:     4   Next: 19%
Magic:  11/12      EV: 12    Int: 22    God:
Gold:   137        SH:  0    Dex: 15    Spells: 1/11 levels left

rFire   . . .        d - +0 dagger (holy)
rCold   . . .        (no shield)
rNeg    . . .        a - +0 robe
rPois   .            (no helmet)
rElec   .            (no cloak)
rCorr   .            g - +0 pair of gloves
SInv    .            (no boots)
Will    .....        (no amulet)
Stlth   ++           (no ring)
HPRegen 0.24/turn    (no ring)
MPRegen 0.13/turn

%: no passive effects
@: no status effects
A: no striking features
a: no special abilities


You were on level 3 of the Dungeon.
You visited 1 branch of the dungeon, and saw 3 of its levels.

You collected 137 gold pieces.

Inventory:

Hand Weapons
 d - a +0 dagger of holy wrath (weapon)
 j - a +0 short sword of venom
Armour
 a - a +0 robe (worn)
 g - a +0 pair of gloves (worn)
Scrolls
 c - a scroll of acquirement {unknown}
 e - 2 scrolls of fog {unknown}
 f - a scroll of vulnerability {unknown}
 h - 2 scrolls of torment {unknown}
 i - a scroll of noise {unknown}
 m - a scroll of brand weapon {unknown}
 n - a scroll of teleportation {unknown}
Potions
 k - a potion of degeneration {unknown}
 l - a potion of attraction {unknown}


   Skills:
 - Level 2.4 Dodging
 - Level 2.4 Stealth
 + Level 4.3 Spellcasting
 + Level 2.5 Conjurations
 + Level 4.2 Fire Magic


You had one spell level left.
You knew the following spells:

 Your Spells              Type           Power      Damage    Failure   Level
a - Foxfire               Conj/Fire      76%        2x1d7     2%          1
b - Scorch                Fire           46%        2d6       3%          2
c - Momentum Strike       Conj/Tloc      20%        3d8       10%         2
d - Volatile Blastmotes   Fire/Tloc      28%        2d12      14%         3
q - Blink                 Tloc           8%         N/A       16%         2

Your spell library contained the following spells:

 Spells                   Type           Power      Damage    Failure   Level
 Freeze                   Ice            16%        1d4       11%         1
 Inner Flame              Hex/Fire       14%        N/A       14%         3
 Lesser Beckoning         Tloc           8%         N/A       16%         2
 Hailstorm                Conj/Ice       10%        3d5       19%         3
 Flame Wave               Conj/Fire      19%        2d7       26%         4
 Frozen Ramparts          Ice            8%         1d2       32%         3
 Leda's Liquefaction      Hex/Erth       2%         N/A       71%         4
 Lee's Rapid Deconstruct  Erth           2%         3d4*      96%         5
 Statue Form              Tmut/Erth      2%         N/A       100%        6


Dungeon Overview and Level Annotations

Branches:
Dungeon (3/15) Zot: 15402

Altars:

Annotations:
D:3 3 runed translucent doors, jujuben's ghost, amateur OpFE


Message History

You conjure some foxfire!
The ball python hisses angrily.
The hobgoblin shouts!
The ball python hisses angrily.
You now have 1/12 mp.
Casting: Foxfire (safe; 2% risk of failure)
Confirm with . or Enter, or press ? or * to list all spells.
You conjure some foxfire!
The foxfire hits the worm.
The worm is lightly wounded.
The foxfire hits the worm!
The worm is heavily wounded.
An endoplasm comes into view.
You now have 0/12 mp.
Casting: Foxfire (safe; 2% risk of failure)
Confirm with . or Enter, or press ? or * to list all spells.
You don't have enough magic to cast this spell.
Casting: Foxfire (safe; 2% risk of failure)
Confirm with . or Enter, or press ? or * to list all spells.
You don't have enough magic to cast this spell.
Casting: Foxfire (safe; 2% risk of failure)
Confirm with . or Enter, or press ? or * to list all spells.
You don't have enough magic to cast this spell.
The foxfire hits the worm.
The worm is almost dead.
The foxfire hits the ball python.
You kill the ball python!
A ball python comes into view.
A bat comes into view.
You hear the slow rusting of a distant drain.
Magic courses through your body.
The ball python hisses angrily.
The gnoll hits you from afar with a +0 halberd.
* * * LOW HITPOINT WARNING * * *
The bat hits you but does no damage.
You take 5 damage, and have 4/24 hp.
MASSIVE DAMAGE!!
MP restored: 12
Casting: Foxfire (safe; 2% risk of failure)
Confirm with . or Enter, or press ? or * to list all spells.
You conjure some foxfire!
The bat barely misses you.
The gnoll hits you from afar with a +0 halberd!
You die...

.##.# ......#..!...
..#.##...............
#.#..#....J.........
#..#.....<..#.....# # ....#..
..........##.# # ....#.#
#.###S./........
....#.###.##....g.##....
.)........##.KwvS.......#
.##..........gg.@.......##
..............g..vb......
.#.(.....g#########.....##
.#........#.Wo.K..#......
.##.......#..###..#.g..## .#
....>.....#..###..+.....###.#
.##...g...#.[.....+..........
..#......#.?###..+.......#.#
...#......#..###..#..##.....#


You could see a worm (ally target), an orc wizard, jujuben's ghost, 4 gnolls, an
endoplasm, a hobgoblin, a bat (ally target), 2 ball pythons and 2 kobolds.

Vanquished Creatures
  3 adders (D:2)
  A worm (D:2)
  A dart slug (D:1)
  8 ball pythons
  2 endoplasms (D:2)
  2 giant cockroaches (D:2)
  6 goblins
  3 hobgoblins
  2 jackals (D:1)
  6 kobolds
  A quokka (D:1)
  5 bats
  6 frilled lizards
  4 rats
50 creatures vanquished.

Vanquished Creatures (others)
  253 foxfires
253 creatures vanquished.

Grand Total: 303 creatures vanquished

Notes
Turn   | Place    | Note
-------+----------+-------------------------------------------
     0 | D:1      | Psyclone the Deep Elf Fire Elementalist began the quest for
                  | the Orb.
     0 | D:1      | Reached XP level 1. HP: 10/10 MP: 6/6
   239 | D:1      | Reached XP level 2. HP: 15/15 MP: 4/8
   939 | D:1      | Found a faded altar of an unknown god.
  1625 | D:2      | Reached XP level 3. HP: 19/19 MP: 7/10
  1658 | D:2      | Learned a level 2 spell: Scorch
  1661 | D:2      | Learned a level 2 spell: Momentum Strike
  1665 | D:2      | Learned a level 3 spell: Volatile Blastmotes
  2149 | D:2      | Reached XP level 4. HP: 24/24 MP: 9/12
  2482 | D:2      | Learned a level 2 spell: Blink
  2527 | D:3      | Noticed jujuben's ghost (amateur OpFE)
  2540 | D:3      | Found a runed translucent gate.
  2540 | D:3      | Found a runed translucent gate.
  2553 | D:3      | Found a runed translucent gate.
  2598 | D:3      | Slain by a gnoll

Illustrated notes

Levels and vault maps discovered:
D:1:      evilmike_arrival_plus, layout_loops_corners,
          nicolae_ecumenical_snake_handling
D:2:      layout_rooms, dk_noncrumbling_2
D:3:      layout_rooms, cheibrodos_sewer_entry_drain, gammafunk_ghost_split

Skill      XL: |  1  2  3 |
---------------+----------+-----
Conjurations   | 2 |  2.5
Spellcasting   | 4 |  4.3
Fire Magic     | 4 |  4.2
Dodging        | |  2.4
Stealth        | |  2.4

Action                     |  1- 3 |  4- 6 || total
---------------------------+-------+-------++-------
  Melee: Dagger            |     1 |     1 ||     2
   Cast: Foxfire           |   131 |    36 ||   167
    Use: Potion            |       |     1 ||     1
 Armour: Robe              |     1 |     6 ||     7
  Dodge: Dodged            |     7 |     8 ||    15
